 Dungeon Crawl Stone Soup version 0.27.1-33-g824d729ab1 (webtiles) character file.

Game seed: 12352989759169552937

3255 raph the Tainter (level 9, 0/47 HPs)
             Began as a Deep Elf Venom Mage on Dec 3, 2021.
             Was an Initiate of Gozag.
             Slain by a gnoll (5 damage)
             ... on level 8 of the Dungeon.
             The game lasted 00:25:33 (12308 turns).

raph the Tainter (Deep Elf Venom Mage)             Turns: 12308, Time: 00:25:34

Health: 0/47       AC:  8    Str:  5    XL:     9   Next: 67%
Magic:  19/19      EV: 11    Int: 29    God:    Gozag
Gold:   973        SH:  5    Dex: 16    Spells: 8/19 levels left

rFire    + . .     SeeInvis .   C - +6 rapier of Blood {spect, Drain rElec Will+}
rCold    . . .     Faith    .   v - +0 buckler
rNeg     . . .     Spirit   .   x - +1 leather armour of Happy Babbling {Rampage rElec Slay+3}
rPois    .         Reflect  .   u - +1 helmet
rElec    +         Harm     .   A - scarf {shadows}
rCorr    .         Rampage  +   b - +1 pair of gloves
Will     +....                  (no boots)
Stlth    ++........             (no amulet)
HPRegen  0.15/turn              t - +6 ring of intelligence
MPRegen  0.16/turn              g - ring of protection from fire

@: no status effects
A: no striking features
a: Renounce Religion, Potion Petition, Call Merchant, Bribe Branch


You were on level 8 of the Dungeon.
You worshipped Gozag.
Gozag was pleased with you.
You visited 1 branch of the dungeon, and saw 8 of its levels.

You collected 1029 gold pieces.
You paid 56 gold pieces to Gozag.

Inventory:

Hand Weapons
 a - a +0 scimitar of flaming
 c - a +0 short sword
 d - a +2 dagger of draining
 z - the +7 trident of Victory {venom, Will+}
   (You found it on level 8 of the Dungeon)

   It poisons the flesh of those it strikes.
   Will:      It increases your willpower.
 C - the +6 rapier of Blood (weapon) {spect, Drain rElec Will+}
   (You took it off a centaur on level 8 of the Dungeon)

   When its wielder attacks, the weapon's spirit leaps out and strikes again.
   The spirit shares a part of any damage it takes with its wielder.
   rElec:     It insulates you from electricity.
   Drain:     It drains your maximum health when unequipped.
   Will:      It increases your willpower.
Missiles
 k - 3 throwing nets
Armour
 b - a +1 pair of gloves (worn)
 u - a +1 helmet (worn)
 v - a +0 buckler (worn)
 x - the +1 leather armour of Happy Babbling (worn) {Rampage rElec Slay+3}
   (You took it off an orc on level 5 of the Dungeon)

   Slay:      It affects your accuracy & damage with ranged weapons and melee
   (+3).
   rElec:     It insulates you from electricity.
   Rampage:   It bestows one free step when moving towards enemies.
 A - a scarf of shadows (worn)
Jewellery
 g - a ring of protection from fire (right hand)
 h - a ring of flight
 s - a ring of resist corrosion
 t - a +6 ring of intelligence (left hand)
Wands
 l - a wand of iceblast (21)
 o - a wand of flame (16)
Scrolls
 f - 2 scrolls of identify
 j - a scroll of blinking
 q - 2 scrolls of teleportation
 w - 2 scrolls of fog
 y - a scroll of fear
 B - a scroll of summoning {unknown}
Potions
 e - 4 potions of brilliance
 i - 2 potions of curing
 m - a potion of attraction {unknown}
 n - a potion of ambrosia
 p - a potion of invisibility {unknown}
 r - 2 potions of might


   Skills:
 + Level 1.2 Fighting
 - Level 2.4 Dodging
 - Level 2.4 Stealth
 - Level 4.0 Shields
 + Level 5.7 Spellcasting
 + Level 6.6 Conjurations
 - Level 1.1 Transmutations
 + Level 6.0 Air Magic
 * Level 9.6 Poison Magic


You had 8 spell levels left.
You knew the following spells:

 Your Spells              Type           Power      Damage    Failure   Level
a - Sting                 Tmut/Pois      100%       1d8       1%          1
b - Poisonous Vapours     Pois/Air       100%       N/A       1%          2
c - Mephitic Cloud        Conj/Pois/Air  51%        N/A       1%          3
d - Olgreb's Toxic Radia  Pois           59%        N/A       1%          4
e - Freeze                Ice            32%        1d5       10%         1

Your spell library contained the following spells:

 Spells                   Type           Power      Damage    Failure   Level
 Hailstorm                Conj/Ice       27%        3d7       24%         4
 Frozen Ramparts          Ice            16%        1d3       28%         3
 Petrify                  Tmut/Erth      11%        N/A       61%         4
 Metabolic Englaciation   Hex/Ice        4%         N/A       95%         5
 Statue Form              Tmut/Erth      7%         N/A       100%        6


Dungeon Overview and Level Annotations

Branches:
Dungeon (8/15)             Temple (0/1) D:6
   Lair: D:8-11

Altars:
Gozag
Nemelex Xobeh
Okawaru
Sif Muna
Trog
Uskayaw
Wu Jian
Xom
Yredelemnul

Annotations:
D:7 1 runed translucent door


Message History

The shadow is moderately damaged.
Your +6 rapier of Blood {spect, Drain rElec Will+} barely misses the shadow.
The shadow slips into darkness.
The shadow flickers and vanishes!
Deactivating autopickup; reactivate with Ctrl-A.
The shadow strikes at you from the darkness!
Reactivating autopickup.
You bump into the rock wall.
The shadow hits you.
You miss the shadow.
The shadow is moderately damaged.
Your +6 rapier of Blood {spect, Drain rElec Will+} hits the shadow but does no damage.
A gnoll comes into view. It is wielding a +0 flail.
The shadow slips into darkness.
The shadow flickers and vanishes!
Deactivating autopickup; reactivate with Ctrl-A.
You miss something.
Your +6 rapier of Blood {spect, Drain rElec Will+} hits something!
You feel less invigorated.
You feel less confused.
The gnoll shouts!
You hear a shout! x2
The shadow strikes at you from the darkness!
Reactivating autopickup.
You hit the shadow but do no damage.
The shadow is heavily damaged.
Your +6 rapier of Blood {spect, Drain rElec Will+} hits the shadow.
A gnoll comes into view. It is wielding a +0 halberd.
The shadow slips into darkness.
The shadow flickers and vanishes!
Deactivating autopickup; reactivate with Ctrl-A.
Something unexpectedly blocked you, preventing you from rampaging!
You closely miss something.
Your +6 rapier of Blood {spect, Drain rElec Will+} hits something.
The shadow strikes at your +6 rapier of Blood {spect, Drain rElec Will+} from the darkness!
Your spectral weapon shares its damage with you!
Your +6 rapier of Blood {spect, Drain rElec Will+} fades away.
The gnoll sergeant hits you from afar with a +0 trident!
* * * LOW HITPOINT WARNING * * *
The gnoll hits you with a +0 flail.
You die...
Your body crumbles into a pile of gold.

#.##.#####.########...........
#..........................#.#
#####.####.########........+..
#..# #.# #........### ##.###.#
#.......(# #
###..##g########.######## #
#....##§......##..>..# #
#.....#..g§...##.....# #
###....{#.g{@...##.....# #
.........#.########.<...# #
####.......# #.....# #
#.......# #.....# # #......>#
#.....###### #####.###
#........... #.# ##....#####.
#.# #....# ### #.# ###### #..


You could see a gnoll sergeant and 2 gnolls.

Vanquished Creatures
  Pikel (D:4)
  Sigmund (D:2)
  A steam dragon (D:7)
  Edmund (D:4)
  A water moccasin (D:7)
  Duvessa (D:6)
  3 orc warriors
  3 ice beasts (D:5)
  2 ogres
  2 centaurs
  3 bullfrogs
  2 scorpions
  A wyvern skeleton (D:5)
  Dowan (D:6)
  6 orc priests
  2 centaur skeletons (D:6)
  3 hounds (D:6)
  Jessica (D:2)
  Terence (D:3)
  An iguana (D:4)
  11 orc wizards
  2 hound skeletons (D:4)
  4 gnolls
  A howler monkey skeleton (D:7)
  5 adders
  2 white imps
  2 adder skeletons (D:4)
  A worm (D:2)
  A dart slug (D:4)
  24 orcs
  9 bats
  10 endoplasms
  4 giant cockroaches
  8 goblins
  4 hobgoblins
  5 quokkas
  7 ball pythons
  3 frilled lizards
  19 kobolds
  A kobold zombie (D:7)
  6 rats
166 creatures vanquished.

Notes
Turn   | Place    | Note
-------+----------+-------------------------------------------
     0 | D:1      | raph the Deep Elf Venom Mage began the quest for the Orb.
     0 | D:1      | Reached XP level 1. HP: 10/10 MP: 6/6
   355 | D:1      | Reached XP level 2. HP: 15/15 MP: 8/8
   415 | D:1      | Reached skill level 4 in Poison Magic
   700 | D:1      | Learned a level 2 spell: Poisonous Vapours
  1302 | D:1      | Reached XP level 3. HP: 19/19 MP: 4/9
  1761 | D:2      | Noticed Jessica
  1769 | D:2      | Killed Jessica
  1770 | D:2      | Reached skill level 5 in Poison Magic
  1864 | D:2      | Noticed Sigmund
  2241 | D:1      | Learned a level 3 spell: Mephitic Cloud
  2262 | D:2      | Found a faded altar of an unknown god.
  2276 | D:2      | Reached XP level 4. HP: 21/24 MP: 3/10
  2902 | D:3      | Reached skill level 1 in Conjurations
  2902 | D:3      | Reached skill level 1 in Air Magic
  3002 | D:3      | Noticed a scorpion
  3006 | D:3      | Killed a scorpion
  3007 | D:3      | Reached XP level 5. HP: 28/28 MP: 4/11
  3071 | D:3      | Learned a level 4 spell: Olgreb's Toxic Radiance
  3486 | D:3      | Noticed Terence
  3494 | D:3      | Killed Terence
  3919 | D:4      | Reached skill level 6 in Poison Magic
  4078 | D:4      | Reached XP level 6. HP: 32/32 MP: 4/12
  4150 | D:4      | Found an opulent altar of Gozag.
  4322 | D:4      | Found a hide-covered altar of Uskayaw.
  4687 | D:4      | Became a worshipper of Gozag Ym Sagoz the Greedy
  4816 | D:4      | Noticed Edmund
  4845 | D:4      | Killed Edmund
  5354 | D:4      | Noticed Pikel
  5377 | D:4      | Killed Pikel
  5378 | D:4      | Reached skill level 7 in Poison Magic
  5378 | D:4      | Reached XP level 7. HP: 30/36 MP: 5/13
  5625 | D:4      | Found a bloodstained altar of Trog.
  5727 | D:5      | Entered Level 5 of the Dungeon
  5855 | D:5      | Found a shimmering altar of Xom.
  5859 | D:5      | Found a shimmering blue altar of Sif Muna.
  5877 | D:5      | Reached skill level 5 in Conjurations
  5877 | D:5      | Reached XP level 8. HP: 41/41 MP: 3/14
  6553 | D:5      | Reached skill level 1 in Shields
  6868 | D:5      | Found a sparkling altar of Nemelex Xobeh.
  6869 | D:5      | Found an ornate altar of the Wu Jian Council.
  6946 | D:5      | Reached skill level 8 in Poison Magic
  6985 | D:5      | Identified the +1 leather armour of Happy Babbling {Rampage
                  | rElec Slay+3}
  6989 | D:5      | Reached skill level 5 in Air Magic
  7628 | D:6      | Noticed Dowan
  7632 | D:6      | Noticed Duvessa
  7642 | D:6      | Killed Dowan
  8050 | D:6      | Identified the +6 battleaxe of the Onslaught {freeze, rN+}
  8424 | D:6      | Found a staircase to the Ecumenical Temple.
  8506 | D:6      | Killed Duvessa
  8507 | D:6      | Reached XP level 9. HP: 45/45 MP: 2/18
  8858 | D:6      | Found an iron altar of Okawaru.
  9136 | D:2      | Killed Sigmund
  9137 | D:2      | Reached skill level 5 in Spellcasting
  9137 | D:2      | Reached skill level 9 in Poison Magic
 10108 | D:7      | Found a runed translucent door.
 10470 | D:7      | Found a basalt altar of Yredelemnul.
 10773 | D:7      | Learned a level 1 spell: Freeze
 11170 | D:7      | HP: 2/42 [wight (4)]
 11506 | D:7      | Reached skill level 1 in Fighting
 12154 | D:8      | Identified the +7 trident of Victory {venom, Will+}
 12202 | D:8      | Identified the +6 rapier of Blood {spect, Drain rElec
                  | Will+}
 12308 | D:8      | Slain by a gnoll

Illustrated notes

Levels and vault maps discovered:
D:1:      nzn_arrival_depleted_hourglass, layout_basic, minmay_door_square,
          minmay_quantized
D:2:      layout_basic, chequers_ecumenical_altar_island, serial_curves,
          eino_curves_02, eino_curves_02, uniq_sigmund, uniq_jessica
D:3:      layout_loops_ring, hangedman_abyss_or_decor_lesser_grid,
          amcnicky_mini_pool_small, uniq_terence
D:4:      layout_loops_ring, trog_butcher_becter, grunt_temple_overflow_open,
          minivault_1, minivault_1, minmay_bisected, uniq_pikel, uniq_edmund
D:5:      layout_loops_corners, nicolae_overflow_hidden_temple
D:6:      layout_basic, mainiacjoe_overflow_alcove_1, temple_hall, uniq_duvessa
D:7:      layout_basic, dk_yredelemnul_ordeal
D:8:      layout_basic, uniq_gastronok

Skill      XL: |  1  2  3  4  5  6  7  8  9 |
---------------+----------------------------+-----
Poison Magic   | 4 5 6 7 8 9 |  9.6
Conjurations   | 1 2 4 5 6 |  6.6
Air Magic      | 1 2 4 5 6 |  6.0
Shields        | 2 4 |  4.0
Spellcasting   | 4 5 |  5.7
Fighting       | 1 |  1.2
Dodging        | |  2.4
Stealth        | |  2.4
Transmutations | |  1.1

Action                   |  1- 3 |  4- 6 |  7- 9 || total
-------------------------+-------+-------+-------++-------
Melee: Dagger            |    13 |    46 |    54 ||   113
       Scimitar          |       |       |    56 ||    56
       Rapier            |       |       |     8 ||     8
 Cast: Sting             |    32 |    50 |    74 ||   156
       Poisonous Vapours |    24 |    41 |    34 ||    99
       Mephitic Cloud    |       |     2 |    21 ||    23
       Olgreb's Toxic Ra |       |       |    17 ||    17
Evoke: Wand              |       |       |     1 ||     1
  Use: Scroll            |     4 |     5 |    10 ||    19
       Potion            |       |       |     1 ||     1
 Stab: Sleeping          |     3 |     2 |     2 ||     7
Armor: Robe              |     7 |    30 |    16 ||    53
       Leather armour    |       |       |    44 ||    44
Dodge: Dodged            |    22 |    47 |    81 ||   150
Block: Buckler           |       |       |    36 ||    36
       Rpst.: Scimitar   |       |       |    17 ||    17
